 Dungeon Crawl Stone Soup version 0.30.0-30-g96aa6591b8 (webtiles) character file.

Game seed: 18314428255493614672

177 Pepete the Chopper (level 5, -2/46 HPs)
             Began as a Hill Orc Fighter on June 28, 2023.
             Slain by a gnoll
             ... wielding a +4 flail
              (10 damage)
             ... on level 4 of the Dungeon.
             The game lasted 00:03:59 (2509 turns).

Pepete the Chopper (Hill Orc Fighter)               Turns: 2509, Time: 00:03:59

Health: -2/46      AC:  7    Str: 21    XL:     5   Next: 57%
Magic:  5/5        EV:  9    Int:  8    God:
Gold:   158        SH:  4    Dex: 10    Spells: 4/4 levels left

rFire   . . .        a - +0 war axe
rCold   . . .        c - +0 buckler
rNeg    . . .        b - +0 scale mail
rPois   .            (no helmet)
rElec   .            (no cloak)
rCorr   .            (no gloves)
SInv    .            (no boots)
Will    .....        (no amulet) Stlth
                     (no ring)
HPRegen 0.27/turn    (no ring)
MPRegen 0.09/turn

%: no passive effects
@: no status effects
A: no striking features
a: no special abilities


You were on level 4 of the Dungeon.
You visited 1 branch of the dungeon, and saw 4 of its levels.

You collected 158 gold pieces.

Inventory:

Hand Weapons
 a - a +0 war axe (weapon)
Armour
 b - a +0 scale mail (worn)
 c - a +0 buckler (worn)
Jewellery
 p - a +4 ring of protection
Scrolls
 f - a scroll of identify {unknown}
 h - 2 scrolls of magic mapping {unknown}
 i - 2 scrolls of vulnerability {unknown}
 k - a scroll of fog {unknown}
 l - a scroll of torment {unknown}
 n - a scroll of teleportation {unknown}
 o - 3 scrolls of fear {unknown}
 r - a scroll of immolation {unknown}
Potions
 d - a potion of might
 e - a potion of curing
 g - 3 potions of degeneration {unknown}
 j - a potion of invisibility {unknown}
 m - 2 potions of mutation {unknown}
 q - a potion of magic {unknown}


   Skills:
 * Level 4.2 Fighting
 * Level 5.1 Axes
 * Level 4.6 Armour
 + Level 0.1 Dodging
 * Level 3.9 Shields


You had 4 spell levels left.
You didn't know any spells.
Your spell library contained the following spells:

 Spells                   Type           Power      Damage    Failure   Level
 Freeze                   Ice            0%         1d3       80%         1
 Magic Dart               Conj           0%         1d3       80%         1
 Call Imp                 Summ           0%         N/A       91%         2
 Dazzling Flash           Conj/Hex       0%         N/A       99%         3
 Frozen Ramparts          Ice            0%         1d1       99%         3
 Hailstorm                Conj/Ice       0%         3d3       99%         3
 Mephitic Cloud           Conj/Pois/Air  0%         N/A       99%         3
 Agony                    Necr           0%         N/A       100%        5
 Silence                  Hex/Air        0%         N/A       100%        5


Dungeon Overview and Level Annotations

Branches:
Dungeon (4/15)
 Temple: D:4-7

Altars:

Shops:
D:1 *   D:3 ([:


Message History

You block the gnoll's attack. The orc barely misses you.
The orc hits you but does no damage. The gnoll hits you but does no damage.
The gnoll hits you from afar with a +0 halberd!
You hear an angry hiss.
You slash the gnoll!
The gnoll is severely wounded.
You barely miss the orc.
The gnoll rages.
The gnoll hits you from afar with a +0 halberd.
You block the orc's attack.
You slash the gnoll!
You kill the gnoll!
You hit the orc. The gnoll hits you but does no damage.
The gnoll hits you from afar with a +0 halberd.
The orc hits you but does no damage.
You slash the orc!
You kill the orc!
You closely miss the gnoll. The gnoll barely misses you.
You block the gnoll's attack. x2
The gnoll hits you from afar with a +0 halberd.
You are too injured to fight recklessly!
You are too injured to fight recklessly!
You are too injured to fight recklessly!
You are too injured to fight recklessly!
You are too injured to fight recklessly!
You are too injured to fight recklessly!
You are too injured to fight recklessly!
You are too injured to fight recklessly!
You are too injured to fight recklessly!
You slash the gnoll!
The gnoll is heavily wounded.
The gnoll misses you. The gnoll barely misses you.
The gnoll closely misses you.
An adder comes into view.
You barely miss the gnoll.
The gnoll is heavily wounded.
The gnoll barely misses you. The gnoll hits you with a +4 flail!
* * * LOW HITPOINT WARNING * * *
The gnoll misses you. The gnoll hits you with a +4 flail!
You die...

...... . ....... .
.....g. .#....
.S..####.##...##
..............
#g#.........#
...####.)g##.##.#.#
.........@).......###
.#####.####.#......#
#.####...<.##
#...†.......#
#.....†........#
#.................
#...............#..
#...............# (
....######........?


You could see 2 gnolls and an adder.

Vanquished Creatures
  A scorpion (D:3)
  2 gnolls (D:4)
  An adder (D:4)
  4 worms
  2 dart slugs (D:1)
  3 orcs
  3 bats
  5 endoplasms
  5 giant cockroaches
  3 goblins
  4 jackals (D:3)
  4 quokkas
  6 ball pythons
  4 frilled lizards
  3 kobolds (D:1)
  26 rats
76 creatures vanquished.

Notes
Turn   | Place    | Note
-------+----------+-------------------------------------------
     0 | D:1      | Pepete the Hill Orc Fighter began the quest for the Orb.
     0 | D:1      | Reached XP level 1. HP: 19/19 MP: 1/1
   165 | D:1      | Found Dagiec's Assorted Antiques.
   199 | D:1      | Reached XP level 2. HP: 27/27 MP: 2/2
   309 | D:1      | Found a faded altar of an unknown god.
   573 | D:1      | Reached skill level 3 in Axes
   721 | D:2      | Reached XP level 3. HP: 33/33 MP: 3/3
  1072 | D:2      | Identified the +1 ring mail "Tiogips" {Drain rN+++ Str+2
                  | Slay-3}
  1258 | D:2      | Reached XP level 4. HP: 40/40 MP: 4/4
  1542 | D:3      | Found Ypnaviot's Antique Armour Emporium.
  1542 | D:3      | Noticed a scorpion
  1574 | D:3      | Killed a scorpion
  1575 | D:3      | Reached skill level 4 in Axes
  1575 | D:3      | Reached XP level 5. HP: 22/46 MP: 5/5
  1733 | D:3      | Found Otapnuz's Antique Weapon Boutique.
  2055 | D:3      | Found Uscheelou's Book Shoppe.
  2504 | D:4      | Reached skill level 5 in Axes
  2509 | D:4      | Slain by a gnoll

Illustrated notes

Levels and vault maps discovered:
D:1:      minmay_arrival_glassed_features, layout_basic, basic_ecumenical_altar,
          serial_shops, shop
D:2:      layout_loops_ring, st_stairs_5, grunt_ministairs_5, minmay_rat_hole
D:3:      layout_loops_ring, serial_shops, nicolae_shop_trees, shop_fountains,
          nicolae_shop_tiny_waterfront, grunt_decor_mini_mirrors,
          kennysheep_potato
D:4:      layout_rooms, fedhas_altar_1, temple_doors_cd, serial_aquarium,
          aquarium_bridge_square [aquarium_subvault_bridge,
          aquarium_subvault_window, aquarium_subvault_balcony,
          aquarium_subvault_balcony], aquarium_window_fake,
          aquarium_window_corridor_1, aquarium_window_corner,
          aquarium_window_fake, aquarium_view_2g, aquarium_balcony_3b,
          aquarium_pool_corner

Skill      XL: |  1  2  3  4  5 |
---------------+----------------+-----
Axes           | 3 4 5 |  5.1
Armour         | 4 |  4.6
Fighting       | 4 |  4.2
Dodging        | |  0.1
Shields        | |  3.9

Action                     |  1- 3 |  4- 6 || total
---------------------------+-------+-------++-------
  Melee: War axe           |   109 |    97 ||   206
    Use: Potion            |       |     4 ||     4
 Armour: Scale mail        |    49 |    39 ||    88
  Dodge: Dodged            |    40 |    49 ||    89
  Block: Buckler           |    19 |    24 ||    43
